Cogmind - Beta 14 @@@ ROGUE MODE // 2024.09.04 @ 19:04:29 Player: embrrFlare Result: Destroyed by L-31 Rogue with Katana Performance ------------- Evolutions (1) 500 Regions Visited (3) 600 Robots Destroyed (4) 20 Value Destroyed (64) 64 Prototype IDs (0) 0 Alien Tech Used (0) 0 Bonus (0) 0 TOTAL SCORE: 1184 Bonus ------- None Cogmind --------- Core Integrity 0/400 Matter 210/300 Energy 100/100 System Corruption 0% Temperature Cool (0) Movement Core (700) Ox13 Location -9/Materials Parts ------- > --- POWER (1) -------- (None) > --- PROPULSION (3) --- (None) > --- UTILITY (3) ------ High-capacity Storage Unit > --- WEAPON (2) ------- (None) > --- INVENTORY (20) --- (None) Peak State ------------ > --- POWER ------------ Ion Engine > --- PROPULSION ------- Wheel Compact Wheel > --- UTILITY ---------- Small Storage Unit Light Armor Plating > --- WEAPON ----------- EM Pulse Gun Light Assault Rifle > --- INVENTORY -------- Light Treads Aluminum Leg Aluminum Leg [Rating: 7] Favorites ----------- Power Ion Engine Engine Ion Engine Propulsion Flight Unit Wheel Wheel Flight Unit Flight Unit Utility Large Storage Unit Device Cooling System Storage Large Storage Unit Protection Light Armor Plating Weapon Light Assault Rifle Energy Gun EM Pulse Gun Ballistic Gun Light Assault Rifle Build | -11 -10 -10 -9 ------- Run | Yrd Mat Min Mat Slots Evolved 2 | . . . 2 Power . | . . . . Propulsion 1 | . . . 1 Utility 1 | . . . 1 Weapon . | . . . . Parts Attached 16 | 5 6 1 4 Power 1 | 1 . . . Engine 1 | 1 . . . Core . | . . . . Reactor . | . . . . Propulsion 7 | 1 4 1 1 Treads . | . . . . Leg . | . . . . Wheel 3 | 1 2 . . Hover . | . . . . Flight 4 | . 2 1 1 Utility 6 | 1 2 . 3 Device 1 | . . . 1 Storage 4 | 1 1 . 2 Processor . | . . . . Hackware . | . . . . Protection 1 | . 1 . . Artifact . | . . . . Weapon 2 | 2 . . . Energy Gun 1 | 1 . . . Energy Cannon . | . . . . Ballistic Gun 1 | 1 . . . Ballistic Cannon . | . . . . Launcher . | . . . . Special Weapon . | . . . . Impact Weapon . | . . . . Slashing Weapon . | . . . . Piercing Weapon . | . . . . Special Melee Weapon . | . . . . Unidentified Prototypes . | . . . . Parts Lost 5 | . 2 . 3 Power 1 | . . . 1 Propulsion 1 | . 1 . . Utility 2 | . 1 . 1 Weapon 1 | . . . 1 Highest Loss Streak 3 | . 2 . 3 To Critical Strikes . | . . . . Average Slot Usage (%) 50 | . 85 44 36 Engine 12 | . 14 14 9 Wheel 2 | . 12 . . Flight 4 | . 15 2 . Device 1 | . . . 7 Storage 13 | . 14 14 10 Protection 2 | . 13 . . Ballistic Gun 12 | . 14 14 8 Peak Build Rating 7 | 5 7 4 5 Average Rating 3 | 3 6 3 4 On Entrance 3 | . 5 4 3 Naked Turns . | . . . . Heaviest Build 48 | 13 29 26 48 Greatest Support 26 | 10 26 4 3 Greatest Overweight (x) 15 | 1 6 8 15 Average Overweight (x) 4 | . . 7 13 Largest Inventory Capacity 20 | 8 15 15 20 Average Capacity 14 | 6 9 15 19 Most Carried 8 | 6 8 3 5 Average Carried 2 | 3 4 2 . Final Capacity 20 | 8 15 15 20 Final Carried 4 | 4 2 3 . Class Distribution -------------------- 100% | Mutant Dominant Class ---------------- Mutant | -10/Materials Mutant | -10/Mines Mutant | -9/Materials Resources | -11 -10 -10 -9 ----------- Run | Yrd Mat Min Mat Matter Collected 276 | 200 76 . . Remotely . | . . . . Salvage Created 76 | . 76 . . Parts 8 | . 8 . . Haulers Intercepted . | . . . . Recyclers Shooed . | . . . . Parts Field Recycled . | . . . . Retrieved Matter . | . . . . Parts Self-Destructed . | . . . . Prevented . | . . . . Kills | -11 -10 -10 -9 ------- Run | Yrd Mat Min Mat Combat Hostiles Destroyed 4 | . 4 . . Guns 4 | . 4 . . Classes Destroyed 2 | . 2 . . Swarmer 3 | . 3 . . Grunt 1 | . 1 . . Best Kill Streak 3 | . 3 . . Combat Bots Only 3 | . 3 . . Max Kills in Single Turn 1 | . 1 . . Gunslinging . | . . . . Exploded . | . . . . Melee . | . . . . Uniques/NPCs Destroyed . | . . . . Combat | -11 -10 -10 -9 -------- Run | Yrd Mat Min Mat Hostile Shots Fired 90 | . 43 . 47 Missed 19 | . 9 . 10 Damage Taken 1002 | . 301 . 701 Core 491 | . 72 . 419 Absorbed by Shields . | . . . . Core Remaining (%) 85 | 100 . 71 . Volleys Fired 31 | . 24 . 7 Largest 1 | . 1 . 1 Hottest 20 | . 20 . 20 Shots Fired 31 | . 24 . 7 Gun 31 | . 24 . 7 Cannon . | . . . . Launcher . | . . . . Special . | . . . . Kinetic 31 | . 24 . 7 Thermal . | . . . . Explosive . | . . . . Electromagnetic . | . . . . Robot Hit Streak 11 | . 4 . 11 Robot Miss Streak 2 | . 2 . . Penetration Max . | . . . . Secondary Targets . | . . . . Shots Hit Robots 21 | . 14 . 7 Core Hits 10 | . 7 . 3 Critical Kills . | . . . . Critical Parts Destroyed . | . . . . Critical Strikes . | . . . . Melee Attacks . | . . . . Impact . | . . . . Slashing . | . . . . Piercing . | . . . . Sneak Attacks . | . . . . Combat Hostiles . | . . . . Follow-up Attacks . | . . . . Damage Inflicted 162 | . 108 . 54 Guns 162 | . 108 . 54 Cannons . | . . . . Explosions . | . . . . Melee . | . . . . Ramming . | . . . . Kinetic 162 | . 108 . 54 Thermal . | . . . . Explosive . | . . . . Electromagnetic . | . . . . Impact . | . . . . Slashing . | . . . . Piercing . | . . . . Highest Corruption . | . . . . Average Corruption . | . . . . Corruption Purged . | . . . . Corruption Blocked . | . . . . Overload Shots . | . . . . Overflow Damage . | . . . . Projectiles . | . . . . Explosions . | . . . . Melee . | . . . . Knockbacks . | . . . . Impact . | . . . . Kinetic . | . . . . Secondary . | . . . . Self-Inflicted Damage . | . . . . Shots . | . . . . Rammed . | . . . . Targets Rammed . | . . . . Kicked . | . . . . Crushed . | . . . . Highest Temperature 11 | . 11 . . Average Temperature 4 | . 4 . . Received Heat Transfer 219 | . 81 . 138 Siege Activations . | . . . . Robots Corrupted . | . . . . Combat Hostiles . | . . . . Parts Fried . | . . . . Impact Corruptions . | . . . . Robots Melted . | . . . . Combat Hostiles . | . . . . Parts Melted . | . . . . Heat Transferred . | . . . . Parts Sabotaged . | . . . . Parts Stolen . | . . . . Parts Stripped . | . . . . Power Chain Reactions . | . . . . Alert | -11 -10 -10 -9 ------- Run | Yrd Mat Min Mat Peak Influence 130 | . 130 42 . Initial 42 | . . 42 . Average 27 | . 67 26 . Maximum Alert Level . | . . . . Low Security (%) 100 | 100 100 100 100 Level 1 . | . . . . Level 2 . | . . . . Level 3 . | . . . . Level 4 . | . . . . Level 5 . | . . . . High Security . | . . . . Max Security . | . . . . Squads Dispatched 1 | . 1 . . Investigation . | . . . . Extermination . | . . . . Reinforcement 1 | . 1 . . Assault . | . . . . Garrison . | . . . . Intercept . | . . . . Searches Triggered . | . . . . Construction Impeded . | . . . . Haulers Reinforced . | . . . . Active Scanning Responses . | . . . . Cargo Convoy Interrupts . | . . . . Stealth | -11 -10 -10 -9 --------- Run | Yrd Mat Min Mat Distress Signals 2 | . . . 2 Communications Jammed . | . . . . Distress Signals . | . . . . Times Spotted 11 | . 9 . 2 Peak Tracking Total 4 | . 4 . 2 Tactical Retreats . | . . . . Traps | -11 -10 -10 -9 ------- Run | Yrd Mat Min Mat Traps Triggered 1 | . 1 . . Indirectly . | . . . . Trap Hack Attempts . | . . . . Triggered . | . . . . Disarmed . | . . . . Reprogrammed . | . . . . Reused . | . . . . Traps Extracted . | . . . . Installed . | . . . . Triggered . | . . . . Machines | -11 -10 -10 -9 ---------- Run | Yrd Mat Min Mat Machines Disabled . | . . . . Max in Single Turn . | . . . . Machines Repaired . | . . . . Machines Dismantled . | . . . . Machines Sabotaged . | . . . . Overloaded Fab Kills . | . . . . Hacking | -11 -10 -10 -9 --------- Run | Yrd Mat Min Mat Machines Accessed 1 | . . 1 . Terminals 1 | . . 1 . Fabricators . | . . . . Repair Stations . | . . . . Recycling Units . | . . . . Scanalyzers . | . . . . Garrison Access . | . . . . Total Hacks 1 | . . 1 . Successful 1 | . . 1 . Failed . | . . . . Catastrophic . | . . . . Database Lockouts . | . . . . Manual . | . . . . Terminals 1 | . . 1 . Fabricators . | . . . . Repair Stations . | . . . . Recycling Units . | . . . . Scanalyzers . | . . . . Garrison Access . | . . . . Terminal Hacks 1 | . . 1 . Record 1 | . . 1 . Fabricator Hacks . | . . . . Repair Station Hacks . | . . . . Recycling Unit Hacks . | . . . . Scanalyzer . | . . . . Garrison Access Hacks . | . . . . Unauthorized Hacks . | . . . . Terminals . | . . . . Fabricators . | . . . . Repair Stations . | . . . . Recycling Units . | . . . . Scanalyzers . | . . . . Garrison Access . | . . . . Data Cores Recovered . | . . . . Used . | . . . . Hacking Detections . | . . . . Full Trace Events . | . . . . Feedback Events . | . . . . Feedback Blocked . | . . . . Robot Schematics Acquired . | . . . . Robots Built . | . . . . Authchips . | . . . . Time . | . . . . Total Robot Build Rating . | . . . . Part Schematics Acquired . | . . . . Parts Built . | . . . . Authchips . | . . . . Time . | . . . . Total Part Build Rating . | . . . . Parts Repaired . | . . . . Time . | . . . . Parts Recycled . | . . . . Recycled Matter . | . . . . Retrieved Matter . | . . . . Retrieved Components . | . . . . Parts Scanalyzed . | . . . . Part Schematics Acquired . | . . . . Parts Damaged . | . . . . Bothacking | -11 -10 -10 -9 ------------ Run | Yrd Mat Min Mat Used RIF Installer . | . . . . Robots Hacked . | . . . . Non-combat . | . . . . Combat . | . . . . Robot Hacks Applied . | . . . . Relay Couplers Released . | . . . . Fabnet Peak Effective % . | . . . . Robots Rewired . | . . . . Allies Hacked . | . . . . Hacks Repelled . | . . . . Allies | -11 -10 -10 -9 -------- Run | Yrd Mat Min Mat Total Allies . | . . . . Largest Group . | . . . . Highest-Rated Group . | . . . . Highest-Rated Ally . | . . . . Total Orders . | . . . . Ally Attacks . | . . . . Total Damage . | . . . . Kills . | . . . . Allies Corrupted . | . . . . Allies Melted . | . . . . Intel | -11 -10 -10 -9 ------- Run | Yrd Mat Min Mat Robot Analysis Total . | . . . . Derelict Logs Recovered . | . . . . Drone Launches . | . . . . Drone Recoveries . | . . . . Exploration | -11 -10 -10 -9 ------------- Run | Yrd Mat Min Mat Turns Passed 1130 | 41 220 623 246 Spaces Moved 329 | 32 130 136 31 Core 152 | 3 . 118 31 Treads . | . . . . Legs . | . . . . Wheels 98 | 29 69 . . Hover . | . . . . Flight 79 | . 61 18 . Fastest Speed 50 | 50 90 450 450 Average Speed 315 | 84 123 459 727 Slowest Speed 800 | 95 520 520 800 Overloaded Moves . | . . . . Propulsion Burnouts . | . . . . Robots Hopped . | . . . . Cave-ins Triggered . | . . . . Exploration Rate (%) 20 | 3 28 43 8 Regions Visited 3 Branch Regions 1 Pre-discovered Areas . | . . . . Known Exits Taken . | . . . . Unknown Exits Taken 3 | 1 1 1 . Scrap Searched . | . . . . Spaces Dug . | . . . . Terrain Destroyed . | . . . . Melee . | . . . . Projectile . | . . . . AOE . | . . . . Terrain Rammed . | . . . . Walls Destroyed . | . . . . Machines Disabled . | . . . . Actions | -11 -10 -10 -9 --------- Run | Yrd Mat Min Mat Total 411 | 45 179 138 49 Wait . | . . . . Move 326 | 31 129 135 31 Hop . | . . . . Pick Up 21 | 9 10 . 2 Fast Attach . | . . . . Attach 15 | 5 5 1 4 Detach 4 | . 1 2 1 Swap 1 | . 1 . . Drop 13 | . 9 . 4 Fire 31 | . 24 . 7 Melee . | . . . . Ram . | . . . . Kick . | . . . . Crush . | . . . . Escape Stasis . | . . . . Rewire . | . . . . Trap . | . . . . Miscellaneous . | . . . . Route ------- -11/Scrapyard -10/Materials -10/Mines -9/Materials History --------- Turn | Location | Event 19 | -11/Scrapyard | Discovered new exit (range 15) 42 | -11/Scrapyard | Entered Materials 251 | -10/Materials | Discovered new exit (range 5) 262 | -10/Materials | Entered Mines 300 | -10/Mines | Build established: Mutant 817 | -10/Mines | Discovered new exit (range 12) 885 | -10/Mines | Entered Materials 885 | -9/Materials | Evolved 2 slots: Propulsion x1, Utility x1 1110 | -9/Materials | Core integrity fell below 50% 1126 | -9/Materials | Core integrity fell below 20% 1131 | -9/Materials | Destroyed by L-31 Rogue with Katana Last Messages --------------- (all such effects are marked ). 00912_ Dropped Lrg. Storage Unit. 00912_ Dropped Med. Storage Unit. 00913_ Dropped Sml. Storage Unit. 00914_ Dropped Flight Unit. 00938_ Acquired Cooling System. 01050_ K-01 Serf collects debris. 01061_ K-01 Serf cleans the Processing Tank. 01076_ K-01 Serf collects debris. [Achievement: Crack Shot] 01088_ K-01 Serf collects debris. 01089_ Lgt. Assault Rifle destroyed. 01092_ K-01 Serf collects debris. 01092_ Ion Engine destroyed. 01095_ K-01 Serf cleans the Processing Tank. 01099_ K-01 Serf collects debris. 01104_ K-01 Serf cleans the Processing Tank. 01108_ K-01 Serf collects debris. 01113_ Cooling System destroyed. Map ----- +----------------------------------------------------+ | ??????????????????????????????????????????????? | | ??????????????????????????????????????????????? | | ??????????????????????????????????????????????? | | ??????????????????????????????????????????????? | | ??????????????????????????????????????????????? | | ??????????????????????????????????????????????? | | ??????????????????????????????????????????????? | | ??????????????????????????????????????????????? | | ??????????????????????????????????????????????? | | ??????????????????????????????????????????????? | | ?????????????????????? ?????????????????????? | | ?????????????????????? ????????????????????? | | ????????????????" ??? ????????????????????? | | ????????????????" """ ????????????????????? | | ???????????????"" """ ????????????????????? | | ?????????????? u ?????????????????????? | | ???????????? ? ?????????????????????? | | ??????? ??" """ ?????????????????????? | | ??????# ??" """ #?????????????????????? | | ??????# """ """ #?????????????????????? | | ??????# """ """ #?????????????????????? | | ??????# """ """ #?????????????????????? | | ??????# ==#?????????????????????? | | ??????# g = #?????????????????????? | | ??????# """ """ #?????????????????????? | | ??????# """ """ @ #?????????????????????? | | ####### """ """ l #?????????????????????? | | # # """ """ #?????????????????????? | | # # """ """ #?????????????????????? | | # # #?????????????????????? | | # # #?????????????????????? | | # ! # #### #?????????????????????? | | # !!=+ ########??# #?????????????????????? | | # !! # #?????????# #?????????????????????? | | # # #?????????# #?????????????????????? | | # """ # #?????????# +?????????????????????? | | # """ #####?????????# #?????????????????????? | | # """ #?????????????# #?????????????????????? | | # #?????????????? #?????????????????????? | | #######??????????????#+##?????????????????????? | | ??????????????????????????????????????????????? | | ??????????????????????????????????????????????? | | ??????????????????????????????????????????????? | | ??????????????????????????????????????????????? | | ??????????????????????????????????????????????? | | ??????????????????????????????????????????????? | | ??????????????????????????????????????????????? | | ??????????????????????????????????????????????? | | ??????????????????????????????????????????????? | | ??????????????????????????????????????????????? | +----------------------------------------------------+ Best States ------------- Heat Dissipation 50 Energy Generation 10 Energy Capacity 250 Matter Stores 252 Matter Capacity 300 Sight Range 16 Terrain Scan Density 10 Armor Coverage 150 Evasion (%) 44 Item Schematics ----------------- None Robot Schematics ------------------ None Fabricated ------------ Nothing Alien Tech Used ----------------- None Achievements -------------- Crack Shot Challenges ------------ None Game ------ Seed ConcussiveLinkedFlamer Manual? 0 Play Time 00:16:06 Cumulative 0.7 hours Start 2024.09.04 @ 17:37:52 End 2024.09.04 @ 19:04:29 Sessions 3 Manual Loads 0 Difficulty Rogue Special Mode None Game No. 4 Rogue 4 Adventurer 0 Explorer 0 Win Type - Total 0 Types 0/0/0/0/0/0/0/0/0 Lore% 0 Gallery% 3 Achievement% 1 Wizard Run 0 Options --------- Layout 1 ASCII 0 Keyboard 0 Movement Numpad Keybinds 0 Fullscreen 1 Font 24/Smallcaps Map View 50x35 Zoom Use 0% Tactical HUD 1 Map Filters NONE Filters NONE Steam 1 RUN: 00f5c9bf-327a-4a0b-8788-89a24574a89c